 Dungeon Crawl Stone Soup version 0.30-a0-718-geaa24f58ff (webtiles) character file.

Game seed: 11940270054800076226

7343 pokeman the Thaumaturge (level 10, -1/56 HPs)
             Began as a Deep Elf Hedge Wizard on Jan 25, 2023.
             Was a Priest of Vehumet.
             Slain by an orc warlord
             ... wielding a +6 battleaxe
              (10 damage)
             ... in a bailey.
             The game lasted 00:26:57 (10691 turns).

pokeman the Thaumaturge (Deep Elf Hedge Wizard)    Turns: 10691, Time: 00:26:57

Health: -1/56      AC: 14    Str:  7    XL:     10   Next: 91%
Magic:  18/30      EV: 13    Int: 31    God:    Vehumet [***...]
Gold:   298        SH:  0    Dex: 14    Spells: 28/37 levels left

rFire   + . .      SeeInvis .    y - +1 whip (elec)
rCold   . . .      Faith    .    (no shield)
rNeg    . . .      Spirit   .    v - +7 toga "Victory" {*Victory Int+7 Slay+7 Clar}
rPois   .          Reflect  .    m - +0 helmet
rElec   .          Harm     .    B - +0 cloak
rCorr   +          Rampage  .    h - +2 pair of gloves
Will    +....      Clarity  +    (no boots)
Stlth   ++                       (no amulet)
HPRegen 0.29/turn                x - ring of resist corrosion
MPRegen 0.22/turn                M - ring of protection from fire

@: no status effects
A: no striking features
a: Renounce Religion


You were in a bailey.
You worshipped Vehumet.
Vehumet was most pleased with you.
You visited 1 branch of the dungeon, and saw 9 of its levels.
You also visited: Bailey.

You collected 500 gold pieces.
You spent 202 gold pieces at shops.

Inventory:

Hand Weapons
 y - a +1 whip of electrocution (weapon)
 A - a +3 quarterstaff of chaos
Armour
 h - a +2 pair of gloves (worn)
 m - a +0 helmet (worn)
 v - the +7 toga "Victory" (worn) {*Victory Int+7 Slay+7 Clar}
   (You found it on level 3 of the Dungeon)

   *Victory:  When the wearer kills a threatening monster, it has a chance to
   gain +1 AC, +1 Slay, and +1 Int, capping at +7.
   When the wearer uses a scroll or a potion with a hostile monster in sight,
   its bonuses reset to +0.
   Unequipping it also resets its bonuses to +0.
   Int:       It affects your intelligence (+7).
   Slay:      It affects your accuracy & damage with ranged weapons and melee
   (+7).
   Clar:      It protects you against confusion.
 B - a +0 cloak (worn)
 G - a +2 buckler of protection
Magical Staves
 C - a staff of conjuration
Jewellery
 x - a ring of resist corrosion (left hand)
 I - a ring of ice
 M - a ring of protection from fire (right hand)
Wands
 E - a wand of digging (11)
Scrolls
 b - 3 scrolls of amnesia {unknown}
 c - 3 scrolls of vulnerability {unknown}
 e - 2 scrolls of poison {unknown}
 i - 3 scrolls of fear {unknown}
 k - 6 scrolls of identify {unknown}
 l - a scroll of blinking {unknown}
 p - 3 scrolls of teleportation {unknown}
 r - 4 scrolls of magic mapping {unknown}
 s - 2 scrolls of torment {unknown}
 t - 5 scrolls of immolation
 u - 2 scrolls of enchant armour {unknown}
 D - a scroll of silence {unknown}
 H - a scroll of fog {unknown}
 L - a scroll of butterflies {unknown}
Potions
 a - a potion of berserk rage {unknown}
 d - 4 potions of magic
 f - a potion of heal wounds {unknown}
 g - 2 potions of brilliance
 j - 5 potions of curing {unknown}
 n - 3 potions of flight {unknown}
 o - a potion of lignification {unknown}
 q - 2 potions of attraction {unknown}
 w - a potion of ambrosia {unknown}
 z - a potion of resistance {unknown}
 J - a potion of cancellation {unknown}
 K - a potion of haste
 N - a potion of experience


   Skills:
 + Level 3.6 Fighting
 - Level 4.2 Armour
 - Level 3.0 Dodging
 - Level 3.0 Stealth
 * Level 14.0 Spellcasting
 + Level 8.1 Conjurations
 + Level 7.2 Summonings
 - Level 1.1 Translocations
 + Level 3.7 Fire Magic
 - Level 2.0 Air Magic
 - Level 2.0 Poison Magic
 - Level 1.0 Evocations


You had 28 spell levels left.
You knew the following spells:

 Your Spells              Type           Power      Damage    Failure   Level
a - Magic Dart            Conj           100%       1d8       1%          1
b - Mephitic Cloud        Conj/Pois/Air  46%        N/A       1%          3
c - Call Imp              Summ           61%        N/A       1%          2
d - Blink                 Tloc           56%        N/A       1%          2
e - Foxfire               Conj/Fire      100%       2x1d9     1%          1

Your spell library contained the following spells:

 Spells                   Type           Power      Damage    Failure   Level
 Ignite Poison            Fire/Tmut/Pois 33%        N/A       1%          3
 Freeze                   Ice            84%        1d9       1%          1
 Summon Small Mammal      Summ           100%       N/A       1%          1
 Cigotuvi's Dreadful Rot  Necr/Pois/Air  60%        N/A       1%          2
 Poisonous Vapours        Pois/Air       68%        N/A       1%          2
 Slow                     Hex            84%        N/A       2%          1
 Ensorcelled Hibernation  Hex/Ice        42%        N/A       3%          2
 Spider Form              Tmut/Pois      27%        N/A       4%          3
 Summon Ice Beast         Ice/Summ       44%        N/A       4%          4
 Summon Mana Viper        Hex/Summ       44%        N/A       14%         5
 Anguish                  Hex/Necr       10%        N/A       22%         4
 Monstrous Menagerie      Summ           30%        N/A       67%         7


Dungeon Overview and Level Annotations

Branches:
Dungeon (9/15)             Temple (0/1) D:6            Lair (0/5) D:8
 Bailey (1/1)
    Orc: D:9-12

Altars:
Makhleb
Nemelex Xobeh
Ru
Sif Muna
Vehumet
Wu Jian
Xom
The Shining One

Shops:
D:8 [

Portals:
Abyss: D:3

Annotations:
D:3 2 transporters, Newt's ghost, amateur DsGl
D:6 1 runed translucent door, pigah's ghost, novice OpWn
D:7 Maggie


Message History

The orc warlord is heavily wounded.
You hear a shout!
The orc warlord is engulfed in noxious fumes.
The orc warlord appears confused.
Casting: Mephitic Cloud (safe; 1% risk of failure)
Confirm with . or Enter, or press ? or * to list all spells.
A shadowy apparition takes form in the air.
Okay, then.
Unknown command.
Unknown command.
Casting: Call Imp (safe; 1% risk of failure)
Confirm with . or Enter, or press ? or * to list all spells.
Aiming: Magic Dart (safe; 1% risk of failure)
Press: ? - help, Shift-Dir - straight line, f/p - orc warlord
Aim: an orc warlord, wielding a +6 battleaxe and wearing a +0 chain mail (heavily wounded, confused, ally target, 100% to hit)
The magic dart hits the orc warlord but does no damage.
The orc warlord is heavily wounded.
You feel stable enough to blink again.
Casting: Magic Dart (safe; 1% risk of failure)
Confirm with . or Enter, or press ? or * to list all spells.
You conjure some foxfire!
Casting: Foxfire (safe; 1% risk of failure)
Confirm with . or Enter, or press ? or * to list all spells.
You conjure some foxfire!
The foxfire hits the orc warlord.
The orc warlord is heavily wounded.
The foxfire hits the orc warlord!
The orc warlord is heavily wounded.
The orc warlord looks very confused.
Your shadow imp hits the orc warlord.
You hit the orc warlord.
Lightning courses through the orc warlord!
The orc warlord is severely wounded.
The foxfire hits the orc warlord but does no damage.
The orc warlord is severely wounded.
The foxfire hits the orc warlord but does no damage.
The orc warlord is severely wounded.
The orc warlord is engulfed in noxious fumes.
The orc warlord appears confused.
The orc warlord hits you with a +6 battleaxe!
You die...

##.......##.......##.).....##
#.......'.........'..)....#
##.....##.........##.....##
#######..)..⌠.....#######
##.).......## #..°......#
##.5☼....## #.o○....#
##@))..## ♣##')'##♣ ♣....)).♣
♣♣..)....♣♣♣ ♣♣....∩.....♣
♣...........♣ ♣♣...)).....♣
♣....).....♣ ♣.......♣♣♣♣


You could see an orc warlord (confused, ally target) and a friendly shadow imp
(summoned).

Vanquished Creatures
  Pikel (D:8)
  3 orc knights (Bailey)
  A troll (D:9)
  Grinder (D:3)
  Prince Ribbit (D:8)
  A vampire (D:9)
  2 wyverns
  Grum (D:8)
  A steam dragon (D:7)
  2 water moccasins
  3 black bears
  A sky beast (D:8)
  11 orc warriors
  4 wolves (D:8)
  A centaur (D:8)
  3 lemures (D:8)
  A phantom (D:5)
  2 kobold brigands (D:8)
  2 bullfrogs (D:6)
  4 necrophages
  3 scorpions (D:6)
  A wight (D:9)
  A howler monkey (D:7)
  A jelly (D:6)
  A gnoll bouda (D:5)
  14 orc priests
  Crazy Yiuf (D:5)
  6 hounds
  4 iguanas
  Terence (D:2)
  Natasha (thrice) (D:3)
  6 orc wizards
  A statue (D:3)
  Robin (D:2)
  10 gnolls
  8 adders
  2 shadow imps (D:5)
  2 white imps
  The ghost of flotson the Sneak, a weakling DsDe (D:5)
  A dart slug (D:2)
  31 orcs
  6 ball pythons
  4 endoplasms
  2 giant cockroaches
  26 goblins
  16 hobgoblins
  3 jackals (D:2)
  6 quokkas
  2 bats
  3 frilled lizards
  15 kobolds
  6 rats
234 creatures vanquished.

Vanquished Creatures (collateral kills)
  2 foxfires (D:9)
2 creatures vanquished.

Vanquished Creatures (others)
  An ufetubus (D:6)
  743 foxfires
744 creatures vanquished.

Grand Total: 980 creatures vanquished

Notes
Turn   | Place    | Note
-------+----------+-------------------------------------------
     0 | D:1      | pokeman the Deep Elf Hedge Wizard began the quest for the
                  | Orb.
     0 | D:1      | Reached XP level 1. HP: 10/10 MP: 7/7
   279 | D:1      | Reached XP level 2. HP: 16/16 MP: 5/9
  1008 | D:2      | Reached skill level 5 in Spellcasting
  1105 | D:2      | Reached XP level 3. HP: 15/20 MP: 3/11
  1109 | D:2      | Learned a level 3 spell: Mephitic Cloud
  1112 | D:2      | Learned a level 2 spell: Call Imp
  1115 | D:2      | Learned a level 2 spell: Blink
  1302 | D:2      | Reached skill level 1 in Fighting
  1387 | D:2      | Reached skill level 1 in Armour
  1459 | D:2      | Found a sparkling altar of Nemelex Xobeh.
  1827 | D:2      | Noticed Robin
  1836 | D:2      | Killed Robin
  1837 | D:2      | Reached XP level 4. HP: 7/25 MP: 0/13
  2034 | D:2      | Noticed Terence
  2054 | D:2      | Killed Terence
  2207 | D:3      | Noticed Natasha
  2216 | D:3      | Killed Natasha
  2340 | D:3      | Found an ornate altar of the Wu Jian Council.
  2366 | D:3      | Reached XP level 5. HP: 14/29 MP: 8/15
  2445 | D:3      | Noticed Grinder
  2457 | D:3      | Paralysed by Grinder for 3 turns
  2589 | D:3      | Found a transporter.
  2708 | D:3      | Noticed Newt's ghost (amateur DsGl)
  2718 | D:3      | Found a transporter.
  2734 | D:3      | Found a one-way gate to the infinite horrors of the Abyss.
  2924 | D:3      | Found a radiant altar of Vehumet.
  2924 | D:3      | Noticed a frost-covered statue
  3048 | D:3      | Killed a frost-covered statue
  3049 | D:3      | Reached skill level 6 in Spellcasting
  3054 | D:3      | Became a worshipper of Vehumet
  3278 | D:3      | Paralysed by Grinder for 4 turns
  3300 | D:3      | Paralysed by Grinder for 4 turns
  3307 | D:3      | Paralysed by Grinder for 5 turns
  3323 | D:3      | Paralysed by Grinder for 5 turns
  3337 | D:3      | Killed Grinder
  3338 | D:3      | Reached skill level 7 in Spellcasting
  3338 | D:3      | Reached skill level 1 in Air Magic
  3338 | D:3      | Reached skill level 1 in Poison Magic
  3338 | D:3      | Reached XP level 6. HP: 23/34 MP: 5/18
  3345 | D:3      | Noticed Natasha
  3354 | D:3      | Killed Natasha
  3828 | D:3      | Found the +0 toga "Victory" {*Victory Clar}
  3957 | D:3      | Noticed Natasha
  3965 | D:3      | Killed Natasha
  3966 | D:3      | Reached XP level 7. HP: 38/38 MP: 16/20
  4364 | D:4      | Reached skill level 8 in Spellcasting
  4487 | D:4      | Found a burning altar of Makhleb.
  4736 | D:4      | Reached * piety under Vehumet
  4736 | D:4      | Offered knowledge of Foxfire by Vehumet.
  4739 | D:4      | Learned a level 1 spell: Foxfire
  4796 | D:5      | Entered Level 5 of the Dungeon
  5032 | D:5      | Reached XP level 8. HP: 39/44 MP: 13/22
  5217 | D:5      | Found a runed translucent door.
  5218 | D:5      | Noticed Crazy Yiuf
  5277 | D:5      | Reached skill level 9 in Spellcasting
  5414 | D:5      | Found a runed translucent door.
  5513 | D:5      | Noticed flotson's ghost (weakling DsDe)
  5886 | D:5      | Killed Crazy Yiuf
  5887 | D:5      | Reached skill level 5 in Conjurations
  6004 | D:5      | Killed flotson's ghost
  6135 | D:6      | Reached skill level 10 in Spellcasting
  6228 | D:6      | Found a shimmering altar of Xom.
  6265 | D:6      | Offered knowledge of Kiss of Death by Vehumet.
  6273 | D:6      | Reached ** piety under Vehumet
  6381 | D:6      | Found a sacrificial altar of Ru.
  6389 | D:6      | Found a glowing golden altar of the Shining One.
  6494 | D:6      | Found a runed translucent door.
  6495 | D:6      | Noticed pigah's ghost (novice OpWn)
  6712 | D:6      | Found a staircase to the Ecumenical Temple.
  6758 | D:6      | Reached XP level 9. HP: 48/48 MP: 20/25
  7251 | D:7      | Noticed Maggie
  7660 | D:7      | Reached skill level 11 in Spellcasting
  7822 | D:7      | Reached skill level 5 in Summonings
  7875 | D:7      | Found a shimmering blue altar of Sif Muna.
  7892 | D:7      | Got Sif Muna's Octavo of the Mob
  7895 | D:7      | Got Sif Muna's Monograph on Snow
  8220 | D:8      | Noticed Grum
  8234 | D:8      | Killed Grum
  8592 | D:8      | Reached skill level 12 in Spellcasting
  8649 | D:8      | Noticed Pikel
  8665 | D:8      | Killed Pikel
  8827 | D:8      | Reached XP level 10. HP: 53/53 MP: 20/28
  8906 | D:8      | Found Anoit Kitu's Antique Armour Emporium.
  8919 | D:8      | Offered knowledge of Kindle Blastsparks by Vehumet.
  8940 | D:8      | Bought a glowing buckler for 202 gold pieces
  9035 | D:8      | Reached skill level 1 in Evocations
  9037 | D:8      | Reached skill level 1 in Fire Magic
  9295 | D:8      | Noticed Prince Ribbit
  9306 | D:8      | Killed Prince Ribbit
  9406 | D:8      | Found a staircase to the Lair.
  9611 | D:9      | Found a flagged portal.
  9629 | D:9      | Reached skill level 13 in Spellcasting
  9663 | Bailey   | Entered a bailey
  9780 | Bailey   | Reached *** piety under Vehumet
  9812 | Bailey   | Noticed an orc knight
  9850 | Bailey   | Killed an orc knight
 10103 | Bailey   | Noticed an orc knight
 10105 | Bailey   | Noticed an orc knight
 10160 | Bailey   | Killed an orc knight
 10292 | Bailey   | Offered knowledge of Ignite Poison by Vehumet.
 10438 | Bailey   | Killed an orc knight
 10439 | Bailey   | Reached skill level 14 in Spellcasting
 10648 | Bailey   | Noticed an orc warlord
 10691 | Bailey   | Slain by an orc warlord

Illustrated notes

Levels and vault maps discovered:
D:1:      minmay_arrival_up_and_down, layout_basic, serial_bayou_pond_e
D:2:      layout_basic, basic_altar, uniq_terence, uniq_robin
D:3:      layout_basic, vehumet_statue, nicolae_wu_jian_wuxing_cycle,
          gammafunk_ghost_abyssal_escape, minmay_close_crescents, uniq_natasha,
          uniq_grinder
D:4:      layout_cave_pools, lemuel_round_altar
D:5:      layout_basic, ebering_ghost_sewer_d, uniq_crazy_yiuf_cottage
D:6:      layout_cave_pods, grunt_temple_overflow_open, xom_confusion_cloud,
          minmay_temple_entry_water_ring, ebering_ghost_inner_flame
D:7:      layout_cave_pods, nicolae_sif_muna_little_library, uniq_maggie
D:8:      layout_loops_corners, lair_entry_dummy, serial_shops, shop,
          uniq_prince_ribbit1, uniq_pikel, uniq_grum
D:9:      layout_gridville, enter_bailey_5
Bailey:   bailey_axe_minmay_hex_keep, bailey

Skill      XL: |  1  2  3  4  5  6  7  8  9 10 |
---------------+-------------------------------+-----
Spellcasting   | 5 7 8 10 12 14 | 14.0
Fighting       | 1 2 3 |  3.6
Armour         | 1 2 4 |  4.2
Conjurations   | 2 3 4 5 7 8 |  8.1
Dodging        | 3 |  3.0
Stealth        | 3 |  3.0
Air Magic      | 1 2 |  2.0
Poison Magic   | 1 2 |  2.0
Summonings     | 2 4 6 7 |  7.2
Evocations     | 1 |  1.0
Fire Magic     | 3 |  3.7
Translocations | |  1.1

Action                     |  1- 3 |  4- 6 |  7- 9 | 10-12 || total
---------------------------+-------+-------+-------+-------++-------
  Melee: Dagger            |    11 |    32 |     3 |       ||    46
         Whip              |       |       |    34 |    70 ||   104
         Punch             |       |       |     1 |     2 ||     3
   Cast: Magic Dart        |   117 |    73 |    70 |     4 ||   264
         Mephitic Cloud    |     1 |     7 |    14 |    21 ||    43
         Call Imp          |     1 |     4 |     1 |     3 ||     9
         Blink             |       |     1 |       |     4 ||     5
         Foxfire           |       |       |   241 |   172 ||   413
  Evoke: Wand              |       |       |     1 |     7 ||     8
   Stab: Confused          |       |     3 |     6 |    10 ||    19
 Armour: Robe              |     4 |     7 |    23 |    28 ||    62
  Dodge: Dodged            |    16 |    14 |    52 |    57 ||   139

Table legend: (Time is in decaauts)
 A = Elapsed time spent in this place.
 B = Non-inter-level travel time spent in this place.
 C = Inter-level travel time spent in this place.
 D = Time resting spent in this place.
 E = Time spent auto-exploring this place.
 F = Levels seen in this place.
 G = Mean time per level.
                   A        B        C        D        E       F      G
               +--------+--------+--------+--------+--------+-----+--------+
         Total |  10705 |  10405 |    300 |    356 |   8290 |  10 | 1070.5 |
       Dungeon |   9671 |   9371 |    300 |    325 |   7631 |   9 | 1074.6 |
        Bailey |   1033 |   1033 |      0 |     31 |    659 |   1 | 1033.0 |
               +--------+--------+--------+--------+--------+-----+--------+

Top non-repeatable levels by time:
     D:3: 1831 daAuts
     D:8: 1339 daAuts
     D:5: 1280 daAuts
     D:2: 1196 daAuts
     D:6: 1174 daAuts
  Bailey: 1033 daAuts
     D:1: 978 daAuts
     D:7: 900 daAuts
     D:4: 787 daAuts
     D:9: 182 daAuts
